 Dungeon Crawl Stone Soup version 0.26-a0-962-g9b92081034 (webtiles) character file.

Game seed: 15372592915985048706

1460 KristoblXynda the Slasher (level 8, -4/66 HPs)
             Began as a Black Draconian Gladiator on Dec 2, 2020.
             Slain by a centaur (8 damage)
             ... on level 7 of the Dungeon.
             The game lasted 00:09:50 (5893 turns).

KristoblXynda the Slasher (DrGl)                    Turns: 5893, Time: 00:09:51

Health: -4/66      AC: 11    Str: 18    XL:     8   Next: 48%
Magic:  8/8        EV: 15    Int:  9    God:
Gold:   217        SH:  5    Dex: 13    Spells: 7/7 levels left

rFire    . . .     SeeInvis .   a - +0 long sword
rCold    . . .     Faith    .   l - +0 buckler {AC+3}
rNeg     . . .     Spirit   .   (armour unavailable)
rPois    .         Reflect  .   b - +0 hat
rElec    +         Harm     .   (no cloak)
rCorr    .         Rampage  .   m - +0 pair of gloves
MR       .....                  r - +0 pair of boots (curse)
Stlth    +.........             (no amulet)
HPRegen  0.21/turn              (no ring)
MPRegen  0.11/turn              (no ring)

@: no status effects
A: breathe lightning, unfitting armour, hooves 1, high mp 1, electricity
resistance, cold-blooded, AC +6
a: Breathe Lightning


You were on level 7 of the Dungeon.
You visited 1 branch of the dungeon, and saw 6 of its levels.
You also visited: Ossuary.

You collected 217 gold pieces.

Inventory:

Hand Weapons
 a - a +0 long sword (weapon)
Missiles
 c - a throwing net (quivered)
Armour
 b - a +0 hat (worn)
 l - a +0 buckler of protection (worn)
 m - a +0 pair of gloves (worn)
 r - a cursed +0 pair of boots (worn)
Scrolls
 d - a scroll of immolation {unknown}
 f - a scroll of blinking
 g - 4 scrolls of remove curse {unknown}
 i - 2 scrolls of teleportation
 n - a scroll of fog
 p - 2 scrolls of enchant weapon {unknown}
 q - 3 scrolls of fear {unknown}
Potions
 e - a potion of degeneration {unknown}
 h - 2 potions of mutation
 k - a potion of brilliance {unknown}
 s - a potion of haste {unknown}
 t - a potion of ambrosia {unknown}
 u - a potion of flight {unknown}
 v - a potion of cancellation {unknown}


   Skills:
 - Level 4.2 Fighting
 * Level 7.8 Long Blades
 - Level 2.0 Throwing
 + Level 5.4 Dodging
 + Level 4.2 Shields


You had 7 spell levels left.
You didn't know any spells.
Your spell library was empty.

Dungeon Overview and Level Annotations

Branches:
Dungeon (7/15)            Ossuary (visited)
 Temple: D:4-7

Altars:
Gozag
Nemelex Xobeh
Okawaru
Ru
Trog
Zin

Shops:
D:4 (

Annotations:
D:3 3 runed translucent doors, YoungGLord's ghost, amateur GrEE


Innate Abilities, Weirdness & Mutations

You can breathe wild blasts of lightning.
Your glossy black scales are hard. (AC +6)
You cannot fit into any form of body armour.
You are resistant to electric shocks. (rElec)
You are cold-blooded and may be slowed by cold attacks.
You have large cloven feet.
You have an increased reservoir of magic. (+10% MP)


Message History

The centaur shoots an arrow.
The arrow hits you.
* * * LOW HITPOINT WARNING * * *
The jackal bites you but does no damage.
Unknown command.
Okay, then.
You aren't carrying any items that you can evoke.
You slash the jackal!
You kill the jackal!
The centaur shoots an arrow.
The arrow hits you but does no damage.
The centaur unwields a +0 shortbow.
The centaur hits you.
* * * LOW HITPOINT WARNING * * *
You block the jackal's attack.
Unknown command.
You slash the centaur!
The centaur is severely wounded.
The centaur misses you. The jackal barely misses you.
You riposte.
You slash the jackal!
You kill the jackal!
The centaur hits you!
You die...

#...#.#...>..###..>.....##
####.......(......)........##
.......#..#....####........#
........#...........#...#..#
......=....##.......#...#..#
.........h.####.#.#........##
.........#c)(##.#...#.#.#....
...$...).###)c...##........#.
.......co##(@................
........##.......(...........
.......###...................
....... .....................
...##h####..........(........
... .. #...................
.. ... ....................
###......... ...#### .....


You could see a centaur.

Vanquished Creatures
  A water moccasin (D:7)
  An ice beast (D:7)
  3 orc warriors
  An ogre (D:4)
  A centaur (D:7)
  A bullfrog (D:7)
  A wyvern skeleton (D:7)
  A scorpion (D:7)
  A howler monkey (D:3)
  A quasit (D:7)
  A hound (D:7)
  An orc priest (D:7)
  Jessica (D:2)
  An iguana (D:7)
  2 orc wizards
  Ijyb (D:4)
  3 worker ants (D:4)
  4 big kobold zombies (Ossuary)
  A hound skeleton (D:2)
  A mummy (Ossuary)
  11 adders
  A white imp (D:7)
  A worm (D:2)
  A dart slug (D:1)
  A leopard gecko (D:2)
  11 orcs
  2 spectral bats (Ossuary)
  10 bats
  7 giant cockroaches
  6 gnoll zombies (Ossuary)
  5 goblins
  6 hobgoblins
  3 jackals (D:7)
  9 kobolds
  6 quokkas
  3 bat simulacra (Ossuary)
  3 frilled lizards
  4 goblin simulacra (Ossuary)
  4 goblin zombies
  8 hobgoblin zombies (Ossuary)
  A jackal skeleton (D:4)
  3 kobold simulacra (Ossuary)
  A kobold zombie (Ossuary)
  A leopard gecko skeleton (D:7)
  6 orc zombies (Ossuary)
  7 rats
  4 rat simulacra (Ossuary)
  A rat zombie (D:4)
  A spectral goblin (Ossuary)
  6 spectral kobolds (Ossuary)
  A spectral rat (Ossuary)
162 creatures vanquished.

Notes
Turn   | Place    | Note
-------+----------+-------------------------------------------
     0 | D:1      | KristoblXynda the Draconian Gladiator began the quest for
                  | the Orb.
     0 | D:1      | Reached XP level 1. HP: 17/17 MP: 1/1
   256 | D:1      | Reached XP level 2. HP: 25/25 MP: 2/2
   956 | D:2      | Reached XP level 3. HP: 24/30 MP: 3/3
  1432 | D:2      | Found a faded altar of an unknown god.
  1438 | D:2      | Reached XP level 4. HP: 35/38 MP: 4/4
  1440 | D:2      | Reached skill level 4 in Long Blades
  1802 | D:2      | Noticed Jessica
  1809 | D:2      | Killed Jessica
  1915 | D:2      | Reached XP level 5. HP: 40/45 MP: 5/5
  2020 | D:3      | Found an opulent altar of Gozag.
  2021 | D:3      | Found a glowing silver altar of Zin.
  2298 | D:3      | Found a runed translucent gate.
  2298 | D:3      | Found a runed translucent gate.
  2298 | D:3      | Found a runed translucent gate.
  2298 | D:3      | Noticed YoungGLord's ghost (amateur GrEE)
  2482 | D:3      | Found a bloodstained altar of Trog.
  2483 | D:3      | Found an iron altar of Okawaru.
  3139 | D:3      | Found a sparkling altar of Nemelex Xobeh.
  3297 | D:4      | Noticed an ogre
  3301 | D:4      | Gained mutation: You have an increased reservoir of magic.
                  | (+10% MP) [potion of mutation]
  3301 | D:4      | Gained mutation: You have large cloven feet. [potion of
                  | mutation]
  3309 | D:4      | Killed an ogre
  3310 | D:4      | Reached skill level 5 in Long Blades
  3310 | D:4      | Reached skill level 1 in Shields
  3310 | D:4      | Reached XP level 6. HP: 33/52 MP: 6/6
  3380 | D:4      | Found Sitihokk's Antique Weapon Boutique.
  3405 | D:4      | Found a sand-covered staircase.
  3412 | Ossuary  | Entered an ossuary
  3983 | D:4      | Noticed Ijyb
  4052 | D:4      | Killed Ijyb
  4258 | D:4      | Your scales start taking on a glossy black colour.
  4258 | D:4      | Reached XP level 7. HP: 43/59 MP: 7/7
  4258 | D:4      | Gained mutation: You are resistant to electric shocks.
                  | (rElec) [Black Draconian growth]
  4569 | D:4      | You fall into a shaft and drop 3 floors!
  4796 | D:7      | Reached skill level 6 in Long Blades
  4815 | D:6      | Found a sacrificial altar of Ru.
  5387 | D:7      | Reached XP level 8. HP: 54/66 MP: 8/8
  5474 | D:7      | Reached skill level 7 in Long Blades
  5474 | D:7      | Reached skill level 5 in Dodging
  5893 | D:7      | Slain by a centaur

Illustrated notes

Levels and vault maps discovered:
D:1:      saegor_arrival_miasma, layout_loops_corners, minmay_box_of_dots
D:2:      layout_loops_ring, chequers_ecumenical_altar_simple_redux,
          uniq_jessica
D:3:      layout_loops_cross, minitemple, grunt_temple_overflow_gold_and_silver,
          nemelex_xobeh_ov_fountains_minmay, gammafunk_ghost_necromancy,
          minmay_misc_feat_secret_circle
D:4:      layout_rooms, serial_shops, nicolae_shop_stone, enter_ossuary_4,
          uniq_ijyb
D:6:      layout_loops_corners, nicolae_overflow_hidden_temple, serial_shops,
          shop, gammafunk_ghost_nasty_kobolds
D:7:      layout_rooms

Skill      XL: |  1  2  3  4  5  6  7  8 |
---------------+-------------------------+-----
Throwing       | 2 |  2.0
Dodging        | 3 4 5 |  5.4
Fighting       | 3 4 |  4.2
Long Blades    | 4 5 6 7 |  7.8
Shields        | 1 2 3 4 |  4.2

Action                   |  1- 3 |  4- 6 |  7- 9 || total
-------------------------+-------+-------+-------++-------
Melee: Long sword        |    89 |   296 |   206 ||   591
       Tailslap          |    15 |    47 |    17 ||    79
       Unarmed           |       |     5 |       ||     5
Throw: Throwing net      |       |     1 |     1 ||     2
 Abil: Breathe Lightning |       |       |     3 ||     3
  Use: Scroll            |       |     7 |       ||     7
       Potion            |       |     1 |     8 ||     9
 Stab: Sleeping          |       |     6 |       ||     6
       Held in net/web   |       |     1 |       ||     1
Armor: Skin              |    29 |   105 |   126 ||   260
Dodge: Dodged            |    65 |   185 |   115 ||   365
Block: Buckler           |       |    38 |    62 ||   100
       Rpst.: Long sword |    24 |    66 |    27 ||   117

Table legend: (Time is in decaauts)
 A = Elapsed time spent in this place.
 B = Non-inter-level travel time spent in this place.
 C = Inter-level travel time spent in this place.
 D = Time resting spent in this place.
 E = Time spent auto-exploring this place.
 F = Levels seen in this place.
 G = Mean time per level.
                   A        B        C        D        E       F      G
               +--------+--------+--------+--------+--------+-----+--------+
         Total |   5971 |   5824 |    147 |   1886 |   2222 |   7 |  853.0 |
       Dungeon |   5394 |   5247 |    147 |   1748 |   2222 |   6 |  899.0 |
       Ossuary |    577 |    577 |      0 |    138 |      0 |   1 |  577.0 |
               +--------+--------+--------+--------+--------+-----+--------+

Top non-repeatable levels by time:
     D:2: 1399 daAuts
     D:3: 992 daAuts
     D:1: 943 daAuts
     D:7: 869 daAuts
     D:4: 721 daAuts
 Ossuary: 577 daAuts
     D:6: 468 daAuts
